 Dungeon Crawl Stone Soup version 0.21.0-3-g78d12a8 (webtiles) character file.

139 pstr the Magician (level 5, 0/24 HPs)
             Began as a Spriggan Earth Elementalist on Jan 13, 2018.
             Slain by an ogre
             ... wielding a +0 giant club
              (24 damage)
             ... on level 3 of the Dungeon.
             The game lasted 00:10:28 (4462 turns).

pstr the Magician (Spriggan Earth Elementalist)     Turns: 4462, Time: 00:10:29

Health: 0/24       AC:  2    Str:  4    XL:     5   Next: 1%
Magic:  3/12       EV: 19    Int: 17    God:
Gold:   66         SH:  0    Dex: 17    Spells: 8/12 levels left

rFire    . . .     SeeInvis +   a - +0 short sword
rCold    . . .     Gourm    .   (shield restricted)
rNeg     . . .     Faith    .   c - +0 robe
rPois    .         Spirit   .   (helmet restricted)
rElec    .         Reflect  .   (no cloak)
rCorr    .         Harm     .   (gloves unavailable)
MR       .....                  (boots unavailable)
Stlth    +++.......             (no amulet)
HPRegen  0.08/turn              (no ring)
MPRegen  0.13/turn              (no ring)

@: very quick
A: very small, unfitting armour, see invisible, herbivore, speed 3, slow
metabolism 2
a: no special abilities


You were on level 3 of the Dungeon.
You were very hungry.

You visited 1 branch of the dungeon, and saw 3 of its levels.

You collected 66 gold pieces.

Inventory:

Hand Weapons
 a - a +0 short sword (weapon)
Missiles
 b - 77 stones (quivered)
Armour
 c - a +0 robe (worn)
Jewellery
 m - a cursed ring of loudness {unknown}
Scrolls
 f - 3 scrolls of remove curse {unknown}
 g - a scroll of teleportation {unknown}
 i - a scroll of enchant armour {unknown}
 j - a scroll of fog {unknown}
 k - 3 scrolls of identify {unknown}
 l - a scroll of amnesia {unknown}
 n - a scroll of magic mapping {unknown}
 q - a scroll of blinking {unknown}
Potions
 h - a potion of agility {unknown}
 o - a potion of mutation {unknown}
 p - a potion of invisibility {unknown}
 r - a potion of might {unknown}
Books
 e - a book of Geomancy

   Spells                             Type                      Level
   a - Sandblast                      Earth                        1
   b - Passwall                       Transmutation/Earth          2
   c - Stone Arrow                    Conjuration/Earth            3
   d - Petrify                        Transmutation/Earth          4
   e - Lee's Rapid Deconstruction     Earth                        5
Comestibles
 d - 3 rations


   Skills:
 + Level 0.1 Fighting
 + Level 1.0 Short Blades
 + Level 3.8 Dodging
 + Level 3.5 Stealth
 + Level 4.0 Spellcasting
 + Level 0.7 Conjurations
   Level 1.3 Transmutations
 + Level 3.8 Earth Magic


You had 8 spell levels left.
You knew the following spells:

 Your Spells              Type           Power        Failure   Level  Hunger
a - Sandblast             Erth           ###...       3%          1    None
b - Stone Arrow           Conj/Erth      ##....       19%         3    ###....


Dungeon Overview and Level Annotations

Branches:
Dungeon (3/15)

Altars:
Makhleb
Qazlal
Ru


Innate Abilities, Weirdness & Mutations

You are very small and have problems with some larger weapons.
You are too small for most types of armour.
You have supernaturally acute eyesight. (SInv)
You are a herbivore.
You cover ground extremely quickly.
You need consume almost no food.


Message History

Aim: an ogre, wielding a giant club (resting)
The stone arrow hits the ogre.
The ogre is moderately wounded.
Casting: Stone Arrow
Confirm with . or Enter, or press ? or * to list all spells.
Aiming: Stone Arrow
Press: ? - help, Shift-Dir - straight line, f/p - ogre
Aim: an ogre, wielding a giant club (moderately wounded)
The stone arrow misses the ogre.
Casting: Stone Arrow
Confirm with . or Enter, or press ? or * to list all spells.
Aiming: Stone Arrow
Press: ? - help, Shift-Dir - straight line, f/p - ogre
Aim: an ogre, wielding a giant club (moderately wounded)
The stone arrow hits the ogre.
The ogre is severely wounded.
You are feeling very hungry.
The ogre hits you with a giant club!!
Ouch! That really hurt!
You die...

####.........#
.............#
##.###......# ..#........#
.#.#......####
$#.#<.†......#
.#.#..#'#....###
###########O#.#..#.#....#..
..........@...#....#....#..
#####...###+####.###.####..
...........................
.####........###...........
####.....# #...........
#.....# #...........
#..†..###+#######...
####.........# #...
####......# #...


You could see an ogre.

Vanquished Creatures
  A hound (D:2)
  2 adders
  2 oozes
  2 worms
  A dart slug (D:2)
  3 leopard geckos
  7 bats
  6 giant cockroaches
  9 goblins
  8 hobgoblins
  4 jackals (D:3)
  A ball python (D:3)
  5 frilled lizards
  9 kobolds
  11 rats
71 creatures vanquished.

Notes
Turn   | Place    | Note
-------+----------+-------------------------------------------
     0 | D:1      | pstr the Spriggan Earth Elementalist began the quest for the Orb.
     0 | D:1      | Reached XP level 1. HP: 9/9 MP: 5/5
     2 | D:1      | Noticed a halfling
     4 | D:1      | Noticed a tengu
     4 | D:1      | Noticed an octopode
     6 | D:1      | Noticed a formicid
     6 | D:1      | Noticed a demonspawn
     8 | D:1      | Noticed a felid
     8 | D:1      | Noticed a vine stalker
    10 | D:1      | Noticed a draconian
    10 | D:1      | Noticed a vampire
    12 | D:1      | Noticed a minotaur
    14 | D:1      | Noticed a spriggan
    14 | D:1      | Noticed a human
    16 | D:1      | Noticed a ghoul
    16 | D:1      | Noticed a dwarf
    18 | D:1      | Noticed a gargoyle
    20 | D:1      | Noticed an elf
    20 | D:1      | Noticed a troll
    22 | D:1      | Noticed a demigod
    22 | D:1      | Noticed a naga
    24 | D:1      | Noticed an ogre
    24 | D:1      | Noticed a merfolk
    26 | D:1      | Noticed a centaur
   261 | D:1      | Reached XP level 2. HP: 13/13 MP: 4/6
   393 | D:1      | Reached skill level 3 in Spellcasting
   900 | D:1      | Reached XP level 3. HP: 7/16 MP: 8/8
  1338 | D:1      | Learned a level 3 spell: Stone Arrow
  2503 | D:2      | Found a burning altar of Makhleb.
  2505 | D:2      | Reached skill level 1 in Short Blades
  2505 | D:2      | Reached XP level 4. HP: 21/21 MP: 3/10
  3558 | D:3      | Found a stormy altar of Qazlal.
  3763 | D:3      | Found a sacrificial altar of Ru.
  3936 | D:3      | Reached skill level 4 in Spellcasting
  4152 | D:3      | Reached XP level 5. HP: 24/24 MP: 3/12
  4459 | D:3      | Noticed an ogre
  4462 | D:3      | Slain by an ogre

Skill      XL: |  1  2  3  4 |
---------------+-------------+-----
Earth Magic    | 3 |  3.8
Spellcasting   | 3 4 |  4.0
Short Blades   | 1 |  1.0
Fighting       | |  0.1
Dodging        | |  3.8
Stealth        | |  3.5
Conjurations   | |  0.7
Transmutations | |  1.3

Action                   |  1- 3 |  4- 6 || total
-------------------------+-------+-------++-------
Melee: Unarmed           |     3 |       ||     3
       Short sword       |    45 |     7 ||    52
 Cast: Sandblast         |    35 |    11 ||    46
       Stone Arrow       |    22 |    32 ||    54
  Use: Potion            |     2 |       ||     2
  Eat: Ration            |     1 |     2 ||     3
Armor: Robe              |    12 |     2 ||    14
Dodge: Dodged            |    79 |    11 ||    90
